 Dungeon Crawl Stone Soup version 0.28.0 (webtiles) character file.

Game seed: 15909950938528814715

19 dorian the Gusty (level 2, 0/15 HPs)
             Began as a Tengu Air Elementalist on Feb 11, 2022.
             Succumbed to Sigmund's poison
             ... on level 1 of the Dungeon.
             The game lasted 00:00:58 (1126 turns).

dorian the Gusty (Tengu Air Elementalist)           Turns: 1126, Time: 00:00:58

Health: 0/15       AC:  2    Str:  8    XL:     2   Next: 75%
Magic:  6/6        EV: 12    Int: 15    God:
Gold:   19         SH:  0    Dex: 14    Spells: 4/5 levels left

rFire   . . .      SeeInvis .   j - +1 dagger (freeze)
rCold   . . .      Faith    .   (no shield)
rNeg    . . .      Spirit   .   a - +0 robe
rPois   .          Reflect  .   (helmet restricted)
rElec   .          Harm     .   (no cloak)
rCorr   .          Rampage  .   (no gloves)
Will    .....                   (boots unavailable)
Stlth   ++........              (no amulet)
HPRegen 0.05/turn               (no ring)
MPRegen 0.10/turn               (no ring)

@: brilliant, lethally poisoned (0 -> -8), flying
A: beak, talons 3
a: no special abilities


You were on level 1 of the Dungeon.
You visited 1 branch of the dungeon, and saw 2 of its levels.

You collected 19 gold pieces.

Inventory:

Hand Weapons
 j - a +1 dagger of freezing (weapon)
Armour
 a - a +0 robe (worn)
Jewellery
 b - a ring of ice
Scrolls
 e - a scroll of magic mapping {unknown}
 g - a scroll of summoning {unknown}
 h - a scroll of identify {unknown}
Potions
 f - a potion of degeneration {unknown}
 i - a potion of lignification {unknown}


   Skills:
 - Level 2.1 Dodging
 - Level 2.0 Stealth
 + Level 2.3 Spellcasting
 + Level 2.3 Conjurations
 + Level 4.4 Air Magic


You had 4 spell levels left.
You knew the following spells:

 Your Spells              Type           Power      Damage    Failure   Level
a - Shock                 Conj/Air       68%        1d7       5%          1

Your spell library contained the following spells:

 Spells                   Type           Power      Damage    Failure   Level
 Static Discharge         Conj/Air       17%        N/A       9%          2
 Swiftness                Air            22%        N/A       11%         3
 Airstrike                Air            11%        N/A       34%         4


Dungeon Overview and Level Annotations

Branches:
Dungeon (2/15)

Altars:

Annotations:
D:2 Sigmund


Innate Abilities, Weirdness & Mutations

You have a beak for a mouth.
You have claws for feet.


Message History

You can't see any susceptible monsters within range! (Use Z to cast anyway.)
There is an open door here.
You see here a goblin corpse.
Done exploring.
Done exploring.
Done exploring.
Done exploring.
You can't see any susceptible monsters within range! (Use Z to cast anyway.) Search for what [? for help]? weapon
(D) Dungeon
Where to? (? - help)
What level of the Dungeon? (default 1, ? - help)
There is an open door here.
You see here a goblin corpse.
There is a stone staircase leading down here.
You climb downwards.
Sigmund shouts!
Found a runed whip.
There is a stone staircase leading up here.
Sigmund is nearby!
That beam is likely to hit you.
Continue anyway? [Y]es or [N]o only, please.
That beam is likely to hit you.
Continue anyway?
Okay, then.
Unknown command.
Sigmund hits you from afar with a +1 scythe of venom.
You are lethally poisoned!
You climb upwards.
* * * LOW HITPOINT WARNING * * *
You feel very sick.
There is a stone staircase leading down here.
There is a lethal amount of poison in your body!
It was a potion of flight.
You feel very buoyant.
You fly up into the air.
* * * LOW HITPOINT WARNING * * *
You feel sick.
It was a potion of brilliance.
You feel clever all of a sudden.
You die...

##########...#######
#......'..........
#.######......#### #.#
#......# # #.# #......# #
####.######......####
#....#....####...##..
#######....#....####...##.#
#.........@................
#.#.....##.#....#########.#
#.#.######.###### #.#
#.#.#......##############.#
#.#.#...#####...........#.#
#.#.#...# #...........#.#
#.#.#...#####...........#.#
#.#รท........#...........#..
#.#####.###.#...........###


There were no monsters in sight!

Vanquished Creatures
  A dart slug (D:1)
  4 endoplasms (D:1)
  A giant cockroach (D:1)
  2 goblins (D:1)
  A kobold (D:1)
  3 ball pythons (D:1)
  A bat (D:1)
  2 frilled lizards (D:1)
  2 rats (D:1)
17 creatures vanquished.

Notes
Turn   | Place    | Note
-------+----------+-------------------------------------------
     0 | D:1      | dorian the Tengu Air Elementalist began the quest for the
                  | Orb.
     0 | D:1      | Reached XP level 1. HP: 10/10 MP: 4/4
   212 | D:1      | Reached XP level 2. HP: 15/15 MP: 0/6
  1122 | D:2      | Noticed Sigmund
  1126 | D:1      | Succumbed to Sigmund's poison

Illustrated notes

Levels and vault maps discovered:
D:1:      dpeg_arrival_tiny_d, layout_basic
D:2:      layout_loops_cross, basic_altar, uniq_sigmund

Skill      XL: |  1  2 |
---------------+-------+-----
Conjurations   | 2 |  2.3
Dodging        | |  2.1
Stealth        | |  2.0
Spellcasting   | |  2.3
Air Magic      | |  4.4

Action                   || total
-------------------------++-------
 Cast: Shock             ||    29
  Use: Potion            ||     2
Dodge: Dodged            ||     1
